 Dungeon Crawl Stone Soup version 0.22-a0-75-g1fede22 (webtiles) character file.

482 KristoblXynda the Ruffian (level 6, 0/59 HPs)
             Began as a Troll Monk on Jan 12, 2018.
             Slain by a river rat (8 damage)
             ... summoned by Eustachio
             ... on level 4 of the Dungeon.
             The game lasted 00:05:58 (2411 turns).

KristoblXynda the Ruffian (Troll Monk)              Turns: 2411, Time: 00:05:58

Health: 0/59       AC:  6    Str: 20    XL:     6   Next: 87%
Magic:  4/4        EV: 11    Int: 13    God:
Gold:   151        SH:  0    Dex: 12    Spells: 5/5 levels left

rFire    . . .     SeeInvis .     - Unarmed
rCold    . . .     Gourm    +   (no shield)
rNeg     . . .     Faith    .   a - +0 robe
rPois    +         Spirit   .   (helmet restricted)
rElec    .         Reflect  .   o - +0 cloak
rCorr    .         Harm     .   (gloves unavailable)
MR       .....                  (boots unavailable)
Stlth    ++........             (no amulet)
HPRegen  0.59/turn              (no ring)
MPRegen  0.09/turn              (no ring)

@: brilliant, flying, very slightly contaminated, invisible
A: large, unfitting armour, claws 3, fast metabolism 3, gourmand, low mp 1,
poison resistance, regeneration 1, shaggy fur 1, tough skin 2
a: no special abilities


You were on level 4 of the Dungeon.
You were very full.

You visited 1 branch of the dungeon, and saw 4 of its levels.

You collected 151 gold pieces.

Inventory:

Armour
 a - a +0 robe (worn)
 o - a +0 cloak (worn)
Scrolls
 e - 2 scrolls of remove curse {unknown}
 f - a scroll of blinking {unknown}
 h - 4 scrolls of identify {unknown}
 i - 3 scrolls of fear {unknown}
 k - 2 scrolls of amnesia {unknown}
Potions
 g - a potion of brilliance
Comestibles
 b - 6 rations


   Skills:
 - Level 2.4 Fighting
 + Level 3.0 Throwing
 + Level 3.8 Dodging
 - Level 1.0 Stealth
 * Level 5.9 Unarmed Combat


You had 5 spell levels left.
You didn't know any spells.

Dungeon Overview and Level Annotations

Branches:
Dungeon (4/15)
 Temple: D:4-7

Altars:
Nemelex Xobeh
The Shining One

Annotations:
D:4 Eustachio


Innate Abilities, Weirdness & Mutations

You are too large for most types of armour.
You have claws for hands.
Your metabolism is lightning-fast.
You like to eat raw meat.
Your natural rate of healing is unusually fast.
You are covered in fur. (AC +1)
You have very tough skin. (AC +2)
Your magical capacity is low. (-10% MP)
Your system is resistant to poisons. (rPois)


Message History

* * * LOW HITPOINT WARNING * * *
The orc hits you but does no damage.
It was a potion of invisibility.
You fade into invisibility!
The quokka bites you but does no damage.
The river rat misses you. Something hits you.
* * * LOW HITPOINT WARNING * * *
Eustachio closely misses you. The quokka barely misses you.
The orc closely misses you.
You are very lightly contaminated with residual magic.
It was a potion of mutation.
You feel extremely strange.
You feel less energetic.
You feel resistant to poisons. The river rat misses you. Something hits you.
* * * LOW HITPOINT WARNING * * *
Eustachio barely misses you. The quokka misses you.
Unknown command.
You scratch Eustachio.
Eustachio is heavily wounded.
The orc closely misses you. The river rat bites you!
You die...

. # #.# ..###..###
...##...#
........####
#>..r{@r#
##..5@or5# #
......r5.....
#.#†..#.#......
#####.........#...
.........(.#......
##....<....### #
#....#.####
#...........S


You could see Eustachio, an iron imp, a river rat, a white imp, an orc, an
ufetubus, 2 quokkas and a rat.

Vanquished Creatures
  Sigmund (D:3)
  The ghost of CypherZel the Cutter, an amateur VSEn of Makhleb (D:4)
  An orc wizard (D:3)
  4 adders
  2 oozes
  An adder skeleton (D:4)
  3 worms (D:2)
  2 leopard geckos
  7 orcs
  A ball python (D:1)
  4 giant cockroaches
  6 goblins
  6 hobgoblins
  11 jackals
  4 bats
  3 frilled lizards
  11 kobolds
  11 rats
79 creatures vanquished.

Vanquished Creatures (others)
  A hobgoblin (D:3)
1 creature vanquished.

Grand Total: 80 creatures vanquished

Notes
Turn   | Place    | Note
-------+----------+-------------------------------------------
     0 | D:1      | KristoblXynda the Troll Monk began the quest for the Orb.
     0 | D:1      | Reached XP level 1. HP: 22/22 MP: 0/0
    90 | D:1      | Reached XP level 2. HP: 21/29 MP: 1/1
   706 | D:1      | Reached skill level 1 in Throwing
   864 | D:1      | Reached XP level 3. HP: 36/36 MP: 2/2
  1229 | D:2      | Reached skill level 4 in Unarmed Combat
  1274 | D:2      | Reached XP level 4. HP: 37/44 MP: 3/3
  1874 | D:3      | Found a sparkling altar of Nemelex Xobeh.
  1884 | D:3      | Noticed Sigmund
  1903 | D:3      | Killed Sigmund
  1903 | D:3      | Reached skill level 5 in Unarmed Combat
  1903 | D:3      | Reached XP level 5. HP: 38/50 MP: 4/4
  1903 | D:3      | Reached XP level 6. HP: 45/59 MP: 5/5
  2125 | D:3      | Found a glowing golden altar of the Shining One.
  2349 | D:4      | Noticed Eustachio
  2352 | D:4      | Noticed CypherZel's ghost (amateur VSEn)
  2375 | D:4      | Killed CypherZel's ghost
  2410 | D:4      | Gained mutation: Your magical capacity is low. (-10% MP) [potion of mutation]
  2410 | D:4      | Gained mutation: Your system is resistant to poisons. (rPois) [potion of mutation]
  2411 | D:4      | Slain by a river rat

Vault maps used:
D:1:      dpeg_arrival_short_road
D:3:      overflow_temple_1_default, tso_altar, minmay_misc_feat_iff,
          uniq_sigmund
D:4:      nicolae_overflow_quartered_altars, hex_large, uniq_eustachio

Skill      XL: |  1  2  3  4  5  6 |
---------------+-------------------+-----
Throwing       | 1 2 3 |  3.0
Unarmed Combat | 4 5 |  5.9
Dodging        | 3 |  3.8
Fighting       | |  2.4
Stealth        | |  1.0

Action                   |  1- 3 |  4- 6 || total
-------------------------+-------+-------++-------
Melee: Unarmed           |    99 |   142 ||   241
       Punch             |     3 |     4 ||     7
  Use: Potion            |       |     6 ||     6
 Stab: Sleeping          |     3 |     2 ||     5
  Eat: Chunk             |    17 |    10 ||    27
Armor: Robe              |    55 |    59 ||   114
Dodge: Dodged            |    56 |   117 ||   173

Table legend:
 A = Spawn XP
 B = Non-spawn XP
 C = Spawn XP percentage of total XP
 D = Spawn monster count
 E = Non-spawn monster count
 F = Spawn count percentage of total count
 G = Total turns spent on level
                    A         B        C        D         E        F      G
               +---------+---------+-------+---------+---------+-------+---------
         Total |       0 |     689 |   0.0 |       0 |      79 |   0.0 |  2411
               +---------+---------+-------+---------+---------+-------+---------
           D:1 |       0 |      41 |   0.0 |       0 |      26 |   0.0 |   915
           D:2 |       0 |      76 |   0.0 |       0 |      22 |   0.0 |   647
           D:3 |       0 |     346 |   0.0 |       0 |      26 |   0.0 |   787
           D:4 |       0 |     226 |   0.0 |       0 |       5 |   0.0 |    62
               +---------+---------+-------+---------+---------+-------+---------
